 Dungeon Crawl Stone Soup version 0.24.0-28-g17ded55e90 (webtiles) character file.

Game seed: 9915620339299348593, levelgen mode: deterministic

93 Iamsoldier the Shield-Bearer (level 4, -9/29 HPs)
             Began as a Gargoyle Fighter on Nov 11, 2019.
             Mangled by a gnoll
             ... wielding a +0 halberd
              (14 damage)
             ... on level 2 of the Dungeon.
             The game lasted 00:03:04 (1199 turns).

Iamsoldier the Shield-Bearer (Gargoyle Fighter)     Turns: 1199, Time: 00:03:05

Health: -9/29      AC: 11    Str: 26    XL:     4   Next: 61%
Magic:  4/4        EV:  7    Int:  8    God:
Gold:   28         SH: 10    Dex:  9    Spells: 3/3 levels left

rFire    . . .     SeeInvis .   a - +0 flail
rCold    . . .     Gourm    .   c - +0 shield
rNeg     + . .     Faith    .   b - +0 scale mail
rPois    ∞         Spirit   .   (no helmet)
rElec    +         Reflect  .   g - +0 cloak
rCorr    .         Harm     .   (no gloves)
MR       .....                  (no boots)
Stlth    ..........             (no amulet)
HPRegen  0.09/turn              (no ring)
MPRegen  0.09/turn              (no ring)

@: mighty
A: negative energy resistance 1, electricity resistance, unbreathing,
petrification resistance, rot immunity, AC +3
a: no special abilities


You were on level 2 of the Dungeon.
You were not hungry.

You visited 1 branch of the dungeon, and saw 2 of its levels.

You collected 28 gold pieces.

Inventory:

Hand Weapons
 a - a +0 flail (weapon)
Armour
 b - a +0 scale mail (worn)
 c - a +0 shield (worn)
 g - a +0 cloak (worn)
Wands
 m - a wand of digging (5)
Scrolls
 e - a scroll of enchant armour {unknown}
 k - a scroll of teleportation {unknown}
Potions
 h - a potion of invisibility {unknown}
 i - a potion of mutation {unknown}
 l - a potion of ambrosia {unknown}
Comestibles
 f - 2 rations
 j - 3 chunks of flesh


   Skills:
 * Level 3.9 Fighting
 + Level 3.2 Maces & Flails
 + Level 3.7 Armour
 + Level 4.0 Shields


You had 3 spell levels left.
You didn't know any spells.
Your spell library was empty.

Dungeon Overview and Level Annotations

Branches:
Dungeon (2/15)

Altars:


Innate Abilities, Weirdness & Mutations

You are resistant to torment.
Your stone body is resilient. (AC +3)
You are immune to poison.
You resist negative energy. (rN+)
You are resistant to electric shocks. (rElec)
You can survive without breathing.
You are immune to petrification.
You are immune to rotting.


Message History

You hit the gnoll.
The gnoll is moderately wounded.
The gnoll hits you but does no damage. The gnoll barely misses you.
You closely miss the gnoll.
The gnoll is moderately wounded.
You block the gnoll's attack. x2; The gnoll hits you.
You feel very mighty all of a sudden.
The gnoll hits you from afar with a +0 halberd!
* * * LOW HITPOINT WARNING * * *
You block the gnoll's attack.
You sock the gnoll!
You kill the gnoll!
You block the gnoll's attack.
Things that are here:
a +0 club; a hobgoblin corpse
Okay, then.
There is a stone staircase leading down here.
There is a stone staircase leading up here.
The gnoll hits you from afar with a +0 halberd!
You die...

##### ######...#####
#............. #.#...#...#.##
#...#...#...## #####
##.###.###....
#######...#####...#...#...##
##.##...###......#..[#.÷.#.#
#.#.....# #.@.g....#...#...#
##.##.#.###.#####.###.###)###
#.##.##...## #...#...#....#
#.##.###### #..#...#...#...
#.##.# #........#...##
##.##.# ..###..###..##
#..##.. ... .......... #.##
## ###.####.## #.# #.


You could see a gnoll.

Vanquished Creatures
  Robin (D:2)
  2 gnolls (D:2)
  An adder (D:2)
  An ooze (D:1)
  A dart slug (D:1)
  2 giant cockroaches
  11 goblins
  10 hobgoblins
  4 jackals (D:1)
  3 kobolds
  3 bats (D:1)
  A frilled lizard (D:1)
40 creatures vanquished.

Notes
Turn   | Place    | Note
-------+----------+-------------------------------------------
     0 | D:1      | Iamsoldier the Gargoyle Fighter began the quest for the
                  | Orb.
     0 | D:1      | Reached XP level 1. HP: 14/14 MP: 1/1
    36 | D:1      | Reached XP level 2. HP: 14/19 MP: 2/2
   591 | D:1      | Reached XP level 3. HP: 23/23 MP: 3/3
   918 | D:2      | Noticed Robin
   924 | D:2      | Killed Robin
  1040 | D:2      | Reached XP level 4. HP: 29/29 MP: 4/4
  1140 | D:2      | Reached skill level 4 in Shields
  1153 | D:2      | HP: 1/29 [gnoll/+0 halberd (11)]
  1199 | D:2      | Mangled by a gnoll

Levels and vault maps discovered:
D:1:      dpeg_arrival_simpleton_c, layout_loops_ring, eino_curves_02
D:2:      layout_loops_ring, grunt_temple_overflow_growth_and_decay,
          minmay_misc_feat_four_crosses, uniq_robin

Skill      XL: |  1  2  3  4 |
---------------+-------------+-----
Maces & Flails | 3 |  3.2
Shields        | 4 |  4.0
Fighting       | |  3.9
Armour         | |  3.7

Action                   |  1- 3 |  4- 6 || total
-------------------------+-------+-------++-------
Melee: Flail             |   117 |    33 ||   150
  Use: Potion            |       |     1 ||     1
  Eat: Chunk             |     1 |       ||     1
Armor: Scale mail        |    83 |    23 ||   106
Dodge: Dodged            |    49 |    15 ||    64
Block: Shield            |    74 |    17 ||    91
